 Dungeon Sprint DCSS version 0.21.1-1-g345015f (webtiles) character file.

158 wojtek the Cleaver (level 5, -1/51 HPs)
             Began as a Minotaur Berserker on Mar 3, 2018.
             Was an Elder of Trog.
             Killed from afar by a deep elf mage (32 damage)
             ... with a bolt of lightning
             ... in the Dungeon (Sprint III: "The Ten Rune Challenge").
             The game lasted 00:01:21 (721 turns).

wojtek the Cleaver (Minotaur Berserker)              Turns: 721, Time: 00:01:21

Health: -1/51      AC:  2    Str: 22    XL:     5   Next: 16%
Magic:  4/4        EV: 14    Int:  4    God:    Trog [****..]
Gold:   28         SH:  0    Dex: 10    Spells: 4/4 levels left

rFire    . . .     SeeInvis .   a - +0 hand axe
rCold    . . .     Gourm    .   (no shield)
rNeg     . . .     Faith    .   b - +0 animal skin
rPois    .         Spirit   .   (helmet restricted)
rElec    .         Reflect  .   (no cloak)
rCorr    .         Harm     .   (no gloves)
MR       .....     NoTele   +   (no boots)
Stlth    +.........             (no amulet)
HPRegen  0.17/turn              (no ring)
MPRegen  0.09/turn              (no ring)

@: no status effects
A: retaliatory headbutt, horns 2
a: Berserk, Trog's Hand, Brothers in Arms, Burn Spellbooks, Renounce Religion


You were in the Dungeon.
You worshipped Trog.
Trog was greatly pleased with you.
You were not hungry.

You visited 1 branch You collected 28 gold pieces.

Inventory:

Hand Weapons
 a - a +0 hand axe (weapon)
Missiles
 j - 3 silver tomahawks (quivered)
Armour
 b - a +0 animal skin (worn)
Scrolls
 i - a scroll of blinking
 k - 2 scrolls of identify {unknown}
 m - a scroll of torment {unknown}
 n - 3 scrolls of remove curse
 q - a scroll of holy word {unknown}
 r - a scroll of fog {unknown}
Potions
 d - a potion of curing
 e - a potion of heal wounds
 f - a potion of haste
 g - 2 potions of magic
 h - a potion of berserk rage
 l - 3 potions of mutation {unknown}
 o - a potion of brilliance {unknown}
 p - 2 potions of flight
 s - a potion of agility {unknown}
Comestibles
 c - 2 rations


   Skills:
 + Level 6.7 Fighting
 * Level 8.7 Axes
 + Level 6.0 Armour
 + Level 5.5 Dodging


You had 4 spell levels left.
You didn't know any spells.

Dungeon Overview and Level Annotations

Branches:
Dungeon (1/1)

Altars:
Elyvilon
Kikubaaqudgha
Sif Muna
Vehumet
Zin
The Shining One


Innate Abilities, Weirdness & Mutations

You reflexively headbutt those who attack you in melee.
You have a pair of horns on your head.


Message History

The deep elf mage mumbles some strange words.
The deep elf mage blinks!
There is a fountain of clear blue water here.
You hit the deep elf mage.
The deep elf mage is moderately wounded.
The deep elf mage completely misses you.
You slash the deep elf mage! You headbutt the deep elf mage.
The deep elf mage is heavily wounded.
The deep elf mage hits you with a long sword of holy wrath.
You hit the deep elf mage.
The deep elf mage is severely wounded.
You hit the deep elf mage. Your headbutt misses the deep elf mage.
The deep elf mage is severely wounded.
The deep elf mage hits you with a long sword of holy wrath!
You hit the deep elf mage.
The deep elf mage is almost dead.
The deep elf mage gestures at you while chanting.
The bolt of lightning hits you!
Ouch! That really hurt!
You die...

▓▓▓▓▓ ▓▓▓ #(..####
##.#####
#......#####..#___#
#.......#..#..#...#
##.##...#..#..###'#+###+
##.###..##'#..#..........
###.##..###...'.⌠........
#..##.[####...#.@.######+
...##..###....#.e.#
..##...##.....#...#
.##....#......#'###
###..##.#.....#)).# #
#..#####....#___# ▓ ▓▓▓▓
▓▓▓▓▓▓▓▓▓▓


You could see a deep elf mage.

Vanquished Creatures
  A water elemental (D)
  A wizard (D)
  Jessica (D)
  A kobold demonologist (D)
  A human (D)
  An ooze (D)
  A phantom (D)
  2 rats (D)
9 creatures vanquished.

Vanquished Creatures (others)
  2 draconian scorchers (D)
  6 hellions (D)
  2 yaktaurs (D)
10 creatures vanquished.

Grand Total: 19 creatures vanquished

Notes
Turn   | Place    | Note
-------+----------+-------------------------------------------
     0 | D        | wojtek the Minotaur Berserker began the quest for the Orb.
     0 | D        | Reached XP level 1. HP: 19/19 MP: 0/0
    10 | D        | Reached skill level 4 in Axes
    42 | D        | Reached ** piety under Trog
    44 | D        | Noticed Jessica
    51 | D        | Killed Jessica
    51 | D        | Reached skill level 5 in Axes
    51 | D        | Reached XP level 2. HP: 6/28 MP: 1/1
    51 | D        | Reached XP level 3. HP: 8/35 MP: 2/2
    68 | D        | Killed a yaktaur
   100 | D        | Killed a hellion
   100 | D        | Killed a hellion
   101 | D        | Killed a hellion
   156 | D        | Killed a hellion
   163 | D        | Killed a hellion
   190 | D        | Killed a white draconian scorcher
   201 | D        | Killed a hellion
   203 | D        | Killed a white draconian scorcher
   361 | D        | Reached skill level 5 in Fighting
   361 | D        | Reached skill level 6 in Axes
   366 | D        | Reached *** piety under Trog
   524 | D        | Noticed a water elemental
   529 | D        | Killed a water elemental
   529 | D        | Reached skill level 7 in Axes
   529 | D        | Reached skill level 5 in Armour
   529 | D        | Reached skill level 5 in Dodging
   529 | D        | Reached XP level 4. HP: 39/44 MP: 3/3
   596 | D        | Killed a yaktaur
   637 | D        | Found a radiant altar of Vehumet.
   638 | D        | Found a deep blue altar of Sif Muna.
   638 | D        | Found an ancient bone altar of Kikubaaqudgha.
   638 | D        | Noticed a wizard
   644 | D        | Noticed a soul eater
   646 | D        | Reached skill level 8 in Axes
   647 | D        | Killed a wizard
   647 | D        | Reached **** piety under Trog
   647 | D        | Reached XP level 5. HP: 51/51 MP: 4/4
   694 | D        | Found a glowing silver altar of Zin.
   695 | D        | Found a glowing golden altar of the Shining One.
   695 | D        | Found a white marble altar of Elyvilon.
   695 | D        | Noticed a deep elf mage
   706 | D        | Received a gift from Trog
   721 | D        | Killed from afar by a deep elf mage

Skill      XL: |  1  2  3  4 |
---------------+-------------+-----
Fighting       | 4 6 |  6.7
Axes           | 5 7 8 |  8.7
Armour         | 4 5 6 |  6.0
Dodging        | 3 5 |  5.5

Action                   |  1- 3 |  4- 6 || total
-------------------------+-------+-------++-------
Melee: Hand axe          |    25 |    15 ||    40
       Headbutt          |     3 |     1 ||     4
Throw: Tomahawk          |       |     1 ||     1
Invok: Berserk           |     2 |     1 ||     3
       Burn Spellbooks   |       |     1 ||     1
 Stab: Sleeping          |     1 |       ||     1
  Eat: Chunk             |       |     1 ||     1
       Ration            |       |     1 ||     1
Armor: Animal skin       |     2 |       ||     2
Dodge: Dodged            |     7 |     8 ||    15
